 Dungeon Crawl Stone Soup version 0.28.0-53-g5a82cb258f (webtiles) character file.

Game seed: 9191492932154651098

445 Zeld the Skirmisher (level 6, -4/57 HPs)
             Began as a Minotaur Berserker on May 24, 2022.
             Was a Believer of Trog.
             Splashed by a jelly's acid (7 damage)
             ... on level 4 of the Dungeon.
             The game lasted 00:03:55 (4760 turns).

Zeld the Skirmisher (Minotaur Berserker)            Turns: 4760, Time: 00:03:55

Health: -4/57      AC: -1    Str: 23    XL:     6   Next: 72%
Magic:  5/5        EV: 12    Int:  4    God:    Trog [**....]
Gold:   122        SH:  0    Dex: 10    Spells: 5/5 levels left

rFire   . . .      SeeInvis .   a - +0 hand axe
rCold   . . .      Faith    .   (no shield)
rNeg    . . .      Spirit   .   b - +0 animal skin
rPois   .          Reflect  .   (helmet restricted)
rElec   .          Harm     .   (no cloak)
rCorr   .          Rampage  .   (no gloves)
Will    .....                   (no boots)
Stlth   +.........              (no amulet)
HPRegen 0.19/turn               (no ring)
MPRegen 0.09/turn               (no ring)

@: corroded
A: horns 2, retaliatory headbutt
a: Renounce Religion, Berserk, Trog's Hand


You were on level 4 of the Dungeon.
You worshipped Trog.
Trog was pleased with you.
You visited 1 branch of the dungeon, and saw 4 of its levels.

You collected 122 gold pieces.

Inventory:

Hand Weapons
 a - a +0 hand axe (weapon)
Armour
 b - a +0 animal skin (worn)
Jewellery
 g - a ring of protection from fire
Wands
 m - a wand of polymorph (5)
 n - a wand of flame (16)
Scrolls
 d - a scroll of enchant weapon {unknown}
 f - a scroll of amnesia {unknown}
 h - 5 scrolls of identify {unknown}
 l - a scroll of magic mapping {unknown}
Potions
 c - 2 potions of lignification {unknown}
 e - a potion of might {unknown}
 i - a potion of attraction {unknown}
 j - a potion of curing {unknown}
 k - a potion of brilliance {unknown}
 o - a potion of degeneration {unknown}


   Skills:
 * Level 6.1 Fighting
 * Level 6.1 Axes
 + Level 4.1 Armour
 + Level 3.7 Dodging


You had 5 spell levels left.
You didn't know any spells.
Your spell library was empty.

Dungeon Overview and Level Annotations

Branches:
Dungeon (4/15)
 Temple: D:4-7

Altars:
Ashenzari
Uskayaw


Innate Abilities, Weirdness & Mutations

You have a pair of horns on your head.
You reflexively headbutt those who attack you in melee.


Message History

The hound is lightly wounded.
You hit the jelly.
Your hands burn!
The hound closely misses you. The jelly hits you.
You are splashed with acid!
The hound bites you but does no damage.
You closely miss the hound.
The hound is lightly wounded.
You barely miss the jelly. The hound completely misses you.
The jelly barely misses you.
You hit the jelly.
Your hands burn!
The jelly is heavily wounded.
You hit the hound. The hound closely misses you. You furiously retaliate!
You headbutt the hound. The jelly hits you but does no damage.
The hound bites you.
You closely miss the hound.
The hound is almost dead.
You hit the jelly.
Your hands burn!
The hound bites you. The jelly barely misses you.
You are too injured to fight recklessly!
You are too injured to fight recklessly!
You closely miss the hound.
The hound is almost dead.
You barely miss the jelly. The hound barely misses you.
The jelly barely misses you. The hound barely misses you.
You hit the hound but do no damage.
The hound is almost dead.
You hit the jelly but do no damage. The acid corrodes you!
Your hands burn!
The hound barely misses you. You furiously retaliate!
You headbutt the hound, but do no damage.
The jelly hits you.
* * * LOW HITPOINT WARNING * * *
You are splashed with acid!
* * * LOW HITPOINT WARNING * * *
You hit the hound but do no damage.
The hound is almost dead.
You barely miss the jelly. The hound bites you.
* * * LOW HITPOINT WARNING * * *
The jelly hits you.
* * * LOW HITPOINT WARNING * * *
You are splashed with acid!
You die...

#... ##..#
#....#
#.....#
#......##
........##
#.......<#
#<....#..##
##... #.@J#
##.
##h.......
# ##.......
......$
..<....
.......
.......
.......


You could see a hound and a jelly.

Vanquished Creatures
  Sigmund (D:2)
  An orc priest (D:3)
  Jessica (D:3)
  Ijyb (D:3)
  Natasha (thrice) (D:3)
  An orc wizard (D:3)
  Robin (D:2)
  3 adders (D:2)
  A worm (D:2)
  A dart slug (D:1)
  2 orcs
  10 bats
  3 endoplasms
  2 giant cockroaches
  13 goblins
  6 hobgoblins
  2 jackals (D:2)
  2 quokkas
  7 ball pythons
  2 frilled lizards (D:2)
  4 rats
67 creatures vanquished.

Notes
Turn   | Place    | Note
-------+----------+-------------------------------------------
     0 | D:1      | Zeld the Minotaur Berserker began the quest for the Orb.
     0 | D:1      | Reached XP level 1. HP: 19/19 MP: 0/0
     2 | D:1      | Noticed a demonspawn
     2 | D:1      | Noticed a ghoul
     4 | D:1      | Noticed a vine stalker
     4 | D:1      | Noticed a troll
     6 | D:1      | Noticed a dwarf
     8 | D:1      | Noticed a draconian
     8 | D:1      | Noticed an ogre
    10 | D:1      | Noticed a formicid
    12 | D:1      | Noticed a merfolk
    12 | D:1      | Noticed a naga
    14 | D:1      | Noticed a spriggan
    16 | D:1      | Noticed an octopode
    16 | D:1      | Noticed a minotaur
    18 | D:1      | Noticed a felid
    18 | D:1      | Noticed a tengu
    20 | D:1      | Noticed a vampire
    20 | D:1      | Noticed a demigod
    22 | D:1      | Noticed a gargoyle
    22 | D:1      | Noticed a human
    26 | D:1      | Noticed an elf
   537 | D:1      | Reached XP level 2. HP: 27/27 MP: 1/1
   564 | D:1      | Found a faded altar of an unknown god.
  1139 | D:2      | Noticed Sigmund
  1148 | D:2      | Killed Sigmund
  1149 | D:2      | Reached skill level 5 in Fighting
  1149 | D:2      | Reached skill level 5 in Axes
  1149 | D:2      | Reached XP level 3. HP: 28/36 MP: 2/2
  1149 | D:2      | Reached XP level 4. HP: 33/42 MP: 3/3
  1149 | D:2      | Reached XP level 5. HP: 38/48 MP: 4/4
  1434 | D:2      | Noticed Robin
  1440 | D:2      | Reached ** piety under Trog
  1740 | D:2      | Killed Robin
  2472 | D:3      | Noticed Jessica
  2480 | D:3      | Killed Jessica
  2481 | D:3      | Reached XP level 6. HP: 45/56 MP: 5/5
  2556 | D:3      | Noticed Ijyb
  2566 | D:3      | Killed Ijyb
  2701 | D:3      | Noticed Natasha
  2706 | D:3      | Killed Natasha
  2787 | D:3      | Found a broken altar of Ashenzari.
  2787 | D:3      | Found a hide-covered altar of Uskayaw.
  2999 | D:3      | Noticed Natasha
  3006 | D:3      | Killed Natasha
  4092 | D:3      | Found a broken altar of Ashenzari.
  4093 | D:3      | Found a hide-covered altar of Uskayaw.
  4093 | D:3      | Noticed Natasha
  4099 | D:3      | Killed Natasha
  4760 | D:4      | Splashed by a jelly's acid

Illustrated notes

Levels and vault maps discovered:
D:1:      kb_arrival_jail, layout_basic,
          dreamdust_ecumenical_altar_hidden_monk_grotto, lemuel_another_geyser
D:2:      layout_basic, uniq_sigmund, uniq_robin
D:3:      layout_loops_corners, gammafunk_temple_overflow_statue,
          minmay_misc_feat_alley, kennysheep_jessica_study, uniq_ijyb,
          uniq_natasha, uniq_jessica
D:4:      layout_cave_pods, minmay_temple_entry_junction

Skill      XL: |  1  2  3  4  5  6 |
---------------+-------------------+-----
Axes           | 5 6 |  6.1
Fighting       | 5 6 |  6.1
Armour         | 3 4 |  4.1
Dodging        | 3 |  3.7

Action                   |  1- 3 |  4- 6 || total
-------------------------+-------+-------++-------
Melee: Hand axe          |    25 |   115 ||   140
       Headbutt          |     2 |    17 ||    19
Invok: Berserk           |     1 |       ||     1
Armor: Animal skin       |    10 |    18 ||    28
Dodge: Dodged            |    45 |    61 ||   106
